cohdb
Replays
Latest Replays
All Replays
Popular Replays
Top Player Replays
Match Explorer
How It Works
Community
CoH3 Stats
Reddit
Sign in to upload your games and track your stats! →
Sign in with Steam
Match 47382047
Unlisted
Match 47382047
Overview
Messages
Build Orders
End
250 Light Carrier
Panzergrenadier Squad
Selects Italian Combined Arms Battlegroup
Selects Bersaglieri Squad
Bersaglieri Squad
Construct Light Support Kompanie
Combat Half-tracks
Selects Bersaglieri Bolster
Bersaglieri Squad
2.5-tonne Medical Truck
Bersaglieri Squad
MG34 Team
Selects Breda Model 30 Light Machine Guns
Assault Mechanized Group
Selects Semovente da 75/18 Assault Gun
Semovente da 75/18 Assault Gun
Panzerjäger Squad
Fire Support Elements
Selects Carro Armato M13/40 Light Tank
Selects Carro Armato M13/40 Light Tank
Carro Armato M13/40 Light Tank
le.IG 18 Mechanized Group
Eignacio
☠facha max☠ (LE)
SgtSteiner
laglure
0
0
Comments
sign in to comment!
No comments posted yet!